 Dungeon Crawl Stone Soup version 0.21.1-1-g345015f (webtiles) character file.

556 LairdRich the Skirmisher (level 7, -4/62 HPs)
             Began as a Minotaur Berserker on June 13, 2018.
             Was a Priest of Trog.
             Engulfed by a cloud of steam (10 damage)
             ... on level 4 of the Dungeon.
             The game lasted 00:18:35 (4220 turns).

LairdRich the Skirmisher (Minotaur Berserker)       Turns: 4220, Time: 00:18:35

Health: -4/62      AC:  9    Str: 22    XL:     7   Next: 8%
Magic:  6/6        EV: 12    Int:  4    God:    Trog [***...]
Gold:   233        SH:  0    Dex: 11    Spells: 6/6 levels left

rFire    . . .     SeeInvis .   a - +1 hand axe
rCold    . . .     Gourm    .   (no shield)
rNeg     . . .     Faith    .   q - +0 ring mail
rPois    .         Spirit   .   r - +1 hat
rElec    .         Reflect  .   (no cloak)
rCorr    .         Harm     .   (no gloves)
MR       .....                  (no boots)
Stlth    +.........             (no amulet)
HPRegen  0.20/turn              f - +3 ring of protection
MPRegen  0.10/turn              g - ring of flight

@: flying (expiring), heavily drained
A: retaliatory headbutt, horns 2
a: Berserk, Trog's Hand, Burn Spellbooks, Renounce Religion, Stop Flying


You were on level 4 of the Dungeon.
You worshipped Trog.
Trog was most pleased with you.
You were not hungry.

You visited 1 branch of the dungeon, and saw 4 of its levels.

You collected 233 gold pieces.

Inventory:

Hand Weapons
 a - a +1 hand axe (weapon)
Armour
 n - a +1 chain mail
 q - a +0 ring mail (worn)
 r - a +1 hat (worn)
Jewellery
 f - a +3 ring of protection (left hand)
 g - a ring of flight (right hand)
 i - an uncursed ring of wizardry
 p - an uncursed ring of ice
Wands
 k - a wand of paralysis (8)
Scrolls
 d - 2 scrolls of remove curse
 h - 4 scrolls of identify
 o - a scroll of amnesia {unknown}
 s - a scroll of noise {unknown}
 t - a scroll of teleportation
Potions
 b - a potion of invisibility
 e - 5 potions of curing {unknown}
 l - a potion of berserk rage {unknown}
 m - 2 potions of magic {unknown}
Comestibles
 c - 6 rations


   Skills:
 + Level 5.8(4.4) Fighting
 + Level 5.7(4.3) Axes
 + Level 5.1(3.7) Armour
 + Level 4.5(3.1) Dodging


You had 6 spell levels left.
You didn't know any spells.

Dungeon Overview and Level Annotations

Branches:
Dungeon (4/15)
 Temple: D:4-7

Altars:
Dithmenos
Nemelex Xobeh
Ru
The Shining One


Innate Abilities, Weirdness & Mutations

You reflexively headbutt those who attack you in melee.
You have a pair of horns on your head.


Message History

Careful!
You are starting to lose your buoyancy.
You are engulfed in a cloud of scalding steam.
You are engulfed in a cloud of scalding steam.
You are engulfed in a cloud of scalding steam.
* * * LOW HITPOINT WARNING * * *
Really fly into that cloud of steam?
Uppercase [Y]es or [N]o only, please.
Really fly into that cloud of steam?
You are engulfed in a cloud of scalding steam.
* * * LOW HITPOINT WARNING * * *
You are engulfed in a cloud of scalding steam.
You are engulfed in a cloud of scalding steam.
* * * LOW HITPOINT WARNING * * *
Really fly into that cloud of steam? [Y]es or [N]o only, please.
Really fly into that cloud of steam? [Y]es or [N]o only, please.
Really fly into that cloud of steam?
You are engulfed in a cloud of scalding steam.
You die...

#...............................
#....)............##..........##
#........###########..........#
#........# #..........#
#........# #..........#
#........# ##.........#
#........# ### #.........#
#........# #§######...#######
########## ##§@#≈≈##≈..#
#§§§§##≈#≈≈.# #§§§###≈≈≈≈.#
###≈#####≈≈.# #≈≈# #≈..# #≈≈#
#...# #### #..## #..# ####


There were no monsters in sight!

Vanquished Creatures
  An orc warrior (D:2)
  A necrophage (D:2)
  A howler monkey (D:2)
  A bullfrog skeleton (D:4)
  Ijyb (D:4)
  Natasha (twice) (D:2)
  A worker ant (D:4)
  A hound skeleton (D:4)
  Robin (D:2)
  4 gnolls (D:4)
  2 adders (D:2)
  2 oozes (D:1)
  3 worms
  2 dart slugs
  9 orcs
  2 ball pythons
  5 bats
  6 giant cockroaches
  18 goblins
  13 hobgoblins
  4 jackals (D:4)
  2 quokkas
  6 frilled lizards
  8 kobolds
  2 leopard gecko skeletons (D:4)
  7 rats
105 creatures vanquished.

Notes
Turn   | Place    | Note
-------+----------+-------------------------------------------
     0 | D:1      | LairdRich the Minotaur Berserker began the quest for the Orb.
     0 | D:1      | Reached XP level 1. HP: 19/19 MP: 0/0
   247 | D:1      | Reached XP level 2. HP: 27/27 MP: 1/1
   761 | D:1      | Reached XP level 3. HP: 33/33 MP: 2/2
  1046 | D:2      | Found a transporter.
  1145 | D:2      | Reached ** piety under Trog
  1169 | D:2      | Reached XP level 4. HP: 22/41 MP: 3/3
  1175 | D:2      | Noticed Robin
  1334 | D:2      | Killed Robin
  1616 | D:2      | Noticed Natasha
  1624 | D:2      | Killed Natasha
  1640 | D:2      | Found a shadowy altar of Dithmenos.
  1726 | D:2      | Found a glowing golden altar of the Shining One.
  1728 | D:2      | Noticed an orc warrior
  1729 | D:2      | Noticed a necrophage
  1742 | D:2      | Reached XP level 5. HP: 47/47 MP: 4/4
  1747 | D:2      | Killed a necrophage
  1747 | D:2      | Reached skill level 5 in Fighting
  1747 | D:2      | Reached skill level 5 in Axes
  1747 | D:2      | Killed an orc warrior
  1747 | D:2      | Reached XP level 6. HP: 55/56 MP: 5/5
  1754 | D:2      | Found a transporter.
  1967 | D:2      | Found a sacrificial altar of Ru.
  2043 | D:2      | Noticed Natasha
  2052 | D:2      | Killed Natasha
  2660 | D:3      | Found a sparkling altar of Nemelex Xobeh.
  3044 | D:4      | Noticed Ijyb
  3048 | D:4      | Paralysed by Ijyb for 7 turns
  3063 | D:4      | Killed Ijyb
  3109 | D:4      | Reached skill level 5 in Armour
  3114 | D:4      | Reached *** piety under Trog
  3369 | D:4      | Reached XP level 7. HP: 53/62 MP: 6/6
  4220 | D:4      | Engulfed by a cloud of steam

Skill      XL: |  1  2  3  4  5  6 |
---------------+-------------------+-----
Axes           | 4 5 |  5.7
Armour         | 3 4 5 |  5.1
Fighting       | 4 5 |  5.8
Dodging        | 3 4 |  4.5

Action                   |  1- 3 |  4- 6 |  7- 9 || total
-------------------------+-------+-------+-------++-------
Melee: Hand axe          |    67 |   134 |    21 ||   222
       Headbutt          |     7 |    15 |     2 ||    24
Invok: Berserk           |       |     2 |       ||     2
 Abil: Evoke Flight      |       |       |     2 ||     2
  Use: Scroll            |     2 |     6 |       ||     8
 Stab: Sleeping          |     1 |     1 |       ||     2
  Eat: Chunk             |     1 |     5 |     1 ||     7
       Ration            |       |     1 |     1 ||     2
Armor: Animal skin       |     6 |       |       ||     6
       Leather armour    |     8 |    17 |       ||    25
       Chain mail        |       |    31 |       ||    31
       Ring mail         |       |     4 |    15 ||    19
Dodge: Dodged            |    45 |    82 |    17 ||   144
